Map: Thunderbird LE

Players

HeroMarine

  • Race: Terran Terran
  • League: Master
  • Spawn Location: 11:00

PtitDrogo - Winner!

  • Race: Protoss Protoss
  • League: Master
  • Spawn Location: 5:00

Event: HomeStory Cup XIX

VOD

Have the link to the VOD?

Description

Time

  • Played on: June 28, 2019, 5 p.m.
  • Length: 13:54

All games in this series

Show
View Real Time Build Order
Export as new Build Order

HeroMarine Terran 

Build Orders: Reaper Expand 

Get SALT Encoding   

  12  0:00  SCV  
  13  0:13  SCV  
  14  0:17  Supply Depot  
  14  0:25  SCV  
  15  0:38  SCV  
  15  0:40  Barracks  
  16  0:44  Refinery  
  16  0:50  SCV  
  17  1:02  SCV  
  18  1:15  SCV  
  19  1:28  Orbital Command, Reaper  
  20  1:39  Command Center  
  20  1:47  Supply Depot  
  20  1:53  SCV  
  21  2:00  Barracks Reactor  
  21  2:05  Refinery, SCV  
  22  2:17  SCV  
  22  2:21  Factory  
  23  2:29  SCV  
  24  2:36  Marine x2  
  26  2:42  SCV  
  27  2:50  Orbital Command  
  27  2:54  Marine x2, SCV  
  30  3:05  Widow Mine  
  32  3:06  SCV, Starport  
  32  3:12  Marine x2  
  35  3:17  SCV  
  35  3:18  SCV  
  37  3:26  Widow Mine  
  37  3:27  Supply Depot  
  39  3:29  SCV  
  39  3:30  SCV  
  39  3:31  Marine x2  
  43  3:41  SCV  
  44  3:42  SCV  
  44  3:47  Barracks  
  44  3:48  Factory Tech Lab, Medivac  
  47  3:49  Supply Depot  
  47  3:50  Marine x2  
  47  3:53  SCV  
  47  3:54  SCV  
  50  4:05  SCV  
  50  4:06  SCV  
  50  4:08  Barracks  
  52  4:11  Siege Tank  
  52  4:12  Marine x2, Supply Depot  
  57  4:17  SCV  
  57  4:18  SCV  
  57  4:19  Starport Tech Lab  
  59  4:26  Refinery  
  59  4:28  Engineering Bay  
  59  4:29  SCV  
  59  4:30  Marine, SCV  
  62  4:33  Marine  
  62  4:36  Supply Depot  
  63  4:40  Raven  
  63  4:41  SCV  
  63  4:43  SCV  
  67  4:50  Marauder  
  67  4:51  Marine  
  67  4:52  Factory Tech Lab  
  70  4:55  Terran Infantry Weapons Level 1  
  70  4:57  Marine  
  70  4:58  SCV x2  
  73  5:00  Supply Depot  
  73  5:06  Stimpack  
  73  5:10  SCV x2  
  73  5:11  Marauder  
  77  5:20  Marine x2  
  75  5:22  SCV x2  
  74  5:32  Marine  
  74  5:33  Command Center  
  74  5:34  SCV x2  
  76  5:37  Marine x2  
  76  5:41  Marine  
  75  5:46  SCV x2  
  77  5:50  Marine  
  77  5:55  Marine x2  
  77  5:56  Combat Shield  
  80  5:58  SCV x2  
  80  6:03  Starport Reactor  
  82  6:04  Factory Reactor  
  82  6:06  Refinery, Supply Depot  
  82  6:08  Supply Depot  
  82  6:10  SCV x2  
  82  6:11  Marauder  
  86  6:15  Marine x2  
  86  6:16  Marauder, Missile Turret  
  90  6:26  Missile Turret  
  90  6:32  Marauder, SCV x2  
  94  6:33  Marine x2  
  94  6:37  Marauder  
  98  6:40  Medivac x2  
  98  6:44  SCV x2  
  104  6:49  Widow Mine x2  
  104  6:54  Marauder  
  110  6:56  SCV x2  
  110  6:59  Marauder  
  114  7:03  Missile Turret  
  114  7:08  SCV  
  114  7:09  Marine x2, SCV  
  114  7:15  Marauder  
  120  7:17  Barracks x2  
  120  7:20  Marauder, SCV  
  120  7:21  SCV  
  124  7:29  Supply Depot  
  123  7:39  SCV x2  
  125  7:49  Orbital Command  
  125  7:51  Marauder x2, Medivac x2  
  133  7:52  Terran Infantry Armor Level 1  
  133  7:53  Marine, Supply Depot  
  133  7:54  Marine  
  133  7:55  Widow Mine  
  133  7:56  Widow Mine  
  133  7:57  SCV x2  
  132  8:09  SCV  
  132  8:11  Barracks Reactor  
  133  8:13  Ghost Academy  
  133  8:14  Marauder, Marine x3, SCV  
  133  8:15  Supply Depot  
  133  8:16  SCV  
  133  8:18  Marauder  
  142  8:21  Starport  
  142  8:22  SCV  
  142  8:26  SCV  
  144  8:28  SCV  
  144  8:32  Marine x3  
  148  8:34  SCV  
  148  8:36  Viking, Marine  
  148  8:39  Marine  
  148  8:40  SCV x2  
  150  8:46  SCV  
  151  8:49  Marine x3  
  151  8:51  Armory  
  151  8:52  Engineering Bay, SCV  
  155  8:55  SCV  
  155  9:05  Supply Depot  
  155  9:06  Refinery, Supply Depot  
  155  9:07  Refinery  
  155  9:09  Viking  
  156  9:18  Viking  
  156  9:20  Supply Depot x2  
  157  9:26  Viking x2  
  157  9:28  Marine x4  
  165  9:32  Ghost x2  
  165  9:33  Ghost  
  171  9:39  Terran Infantry Weapons Level 2  
  171  9:41  Terran Ship Weapons Level 1  
  171  9:44  Viking  
  173  9:48  Viking  
  173  9:51  Missile Turret  
  179  9:58  Terran Infantry Armor Level 2  
  179  9:59  Missile Turret  
  175  10:00  Missile Turret  
  175  10:03  Command Center  
  175  10:10  Concussive Shells  
  175  10:12  Viking x2  
  179  10:16  Viking  
  179  10:18  Viking  
  179  10:19  Marine x3  
  179  10:20  Marine  
  189  10:28  Supply Depot  
  189  10:30  Supply Depot  
  189  10:33  Ghost  
  189  10:49  Barracks, Ghost x2  
  189  10:50  Barracks  
  189  10:53  Barracks  
  195  10:59  Medivac x3  
  195  11:03  Marauder  
  199  11:07  Marine  
  193  11:11  Marine x2  
  193  11:12  Marine  
  199  11:21  Marauder x2  
  200  11:26  Sensor Tower  
  200  11:28  Refinery  
  200  11:31  Refinery  
  200  11:34  Missile Turret  
  196  11:51  Barracks Tech Lab x2, Barracks Reactor, Ghost x3  
  178  12:07  Marine x2  
  155  12:08  Marine  
  155  12:09  Marine x2  
  155  12:13  Marine  
  141  12:19  Ghost  
  141  12:20  Marauder  
  141  12:21  Marauder  
  141  12:22  Medivac x2  
  133  12:23  Medivac  
  133  12:24  Medivac  
  133  12:25  Marine x2  
  133  12:26  Marine x2  
  133  12:27  Marauder  
  133  12:28  Marine x2  
  141  12:31  Marauder  
  143  12:41  Marine  
  143  12:42  Marauder  
  143  12:43  Marine x2  
  148  12:44  Marine x2  
  148  12:46  Marine x2  
  148  12:48  Marauder  
  148  12:49  Marauder  
  156  12:52  Viking x2, Marauder  
  156  12:53  Viking  
  164  13:00  Marine, Marauder  
  164  13:01  Marine  
  164  13:02  Marine x2  
  164  13:03  Marauder  
  164  13:04  Marine x2  
  164  13:05  Viking  
  176  13:10  Marauder x2  
  180  13:14  Marauder  
  180  13:18  Marine x2  
  178  13:20  Marine  
  178  13:21  Marauder  
  178  13:22  Marine x2  
  178  13:24  Viking  
  178  13:25  Marauder  
  184  13:31  Marauder x2, Marine  
  190  13:36  Marine  
Show
View Real Time Build Order
Export as new Build Order

PtitDrogo Protoss - Winner!

Build Orders: 1 Gate Expand, Oracle Opening 

Get SALT Encoding   

  12  0:00  Probe  
  13  0:12  Probe  
  14  0:17  Pylon  
  14  0:25  Probe  
  15  0:29  Assimilator  
  15  0:35  Probe  
  15  0:42  Gateway  
  16  0:43  Probe  
  17  0:52  Probe  
  18  1:04  Probe  
  19  1:16  Probe  
  20  1:23  Nexus  
  20  1:31  Cybernetics Core  
  20  1:34  Probe  
  20  1:38  Assimilator  
  21  1:46  Probe  
  22  1:49  Pylon  
  22  1:58  Stalker, Probe  
  25  2:11  Probe  
  25  2:14  Stargate  
  26  2:21  Warp Gate  
  26  2:23  Probe  
  27  2:31  Probe x2  
  29  2:39  Probe x2  
  31  2:46  Stalker  
  31  2:49  Probe x2  
  31  2:50  Oracle  
  35  3:01  Probe x2  
  40  3:05  Pylon  
  40  3:13  Probe x2  
  42  3:21  Oracle  
  42  3:25  Probe x2  
  47  3:34  Gateway  
  47  3:35  Gateway  
  47  3:37  Probe, Pylon  
  47  3:38  Probe  
  49  3:53  Oracle  
  49  3:55  Nexus  
  49  3:57  Pylon  
  49  3:58  Probe x2  
  54  4:13  Probe x2, Assimilator  
  54  4:15  Assimilator  
  56  4:23  Forge, Twilight Council  
  56  4:25  Probe x2  
  58  4:37  Probe x2  
  60  4:39  Pylon  
  60  4:41  Phoenix  
  62  4:49  Probe  
  62  4:51  Probe  
  63  4:57  Robotics Facility  
  63  5:01  Probe  
  63  5:06  Probe  
  65  5:08  Stalker x3  
  65  5:13  Probe x2  
  69  5:17  Charge  
  69  5:21  Protoss Ground Weapons Level 1  
  69  5:23  Probe  
  71  5:35  Probe x2  
  71  5:36  Probe  
  73  5:50  Probe  
  73  5:51  Probe  
  73  5:54  Observer  
  73  5:55  Probe  
  76  5:59  Gateway  
  76  6:00  Gateway x2  
  76  6:01  Gateway  
  76  6:03  Probe  
  78  6:04  Gateway  
  78  6:05  Pylon  
  78  6:06  Probe  
  78  6:10  Probe  
  80  6:12  Photon Cannon  
  80  6:13  Pylon  
  80  6:14  Sentry  
  80  6:15  Zealot x2  
  80  6:17  Immortal  
  86  6:22  Probe x2  
  86  6:24  Assimilator  
  86  6:25  Assimilator  
  92  6:30  Probe  
  93  6:34  Probe  
  93  6:35  Probe  
  93  6:37  Photon Cannon  
  95  6:42  Probe  
  95  6:43  Robotics Bay  
  95  6:46  Observer  
  96  6:48  Robotics Facility, Blink  
  96  6:50  Probe  
  97  6:55  Sentry  
  97  6:56  Warp Prism  
  101  7:01  Forge  
  100  7:10  Zealot x4  
  100  7:12  Pylon  
  108  7:15  Pylon  
  108  7:17  Pylon  
  108  7:18  Pylon  
  108  7:20  Pylon  
  108  7:21  Pylon  
  108  7:22  Pylon  
  108  7:23  Colossus, Protoss Ground Armor Level 1  
  108  7:25  Pylon  
  112  7:37  Zealot  
  112  7:38  Zealot x6, Colossus  
  132  7:52  Extended Thermal Lance  
  124  7:58  Stalker x3  
  124  7:59  Zealot x3  
  136  8:18  Pylon  
  136  8:19  Colossus  
  142  8:24  Nexus  
  142  8:27  Pylon  
  142  8:29  Zealot x3  
  148  8:38  Protoss Ground Weapons Level 2  
  142  8:52  Colossus  
  148  8:59  Probe x2  
  148  9:00  Assimilator  
  150  9:04  Assimilator  
  150  9:05  Colossus, Pylon  
  150  9:08  Pylon  
  150  9:13  Protoss Ground Armor Level 2  
  150  9:16  Shield Battery  
  156  9:17  Shield Battery  
  156  9:22  Templar Archives  
  156  9:25  Probe  
  157  9:32  Probe  
  157  9:38  Probe, Psionic Storm  
  159  9:40  Probe  
  159  9:41  Stalker x3, Zealot x2  
  170  9:46  Immortal  
  170  9:50  Probe  
  175  9:57  Probe x2, Immortal  
  181  10:00  High Templar x2  
  181  10:01  High Templar  
  181  10:02  Probe, High Templar  
  188  10:14  Probe  
  188  10:18  Gateway x2  
  188  10:21  Gateway  
  189  10:23  Nexus  
  189  10:24  Zealot x2, Pylon  
  189  10:25  Zealot  
  189  10:27  Zealot  
  197  10:37  High Templar x2  
  197  10:41  Archon  
  199  11:09  Disruptor x2  
  198  11:17  Protoss Ground Weapons Level 3  
  198  11:18  High Templar  
  189  11:49  Stalker x10  
  150  12:10  Archon  
  150  12:12  Colossus  
  150  12:13  Colossus  
  132  12:19  Stalker x6  
  132  12:20  Stalker x5  
  152  12:47  High Templar x2  
  152  12:48  High Templar x4  
  152  12:49  Zealot x5  
  174  12:53  Assimilator  
  174  12:55  Assimilator  
  174  12:57  Photon Cannon, Shield Battery  
  174  12:58  Photon Cannon, Shield Battery  
  174  13:00  Observer x2  
  174  13:01  Photon Cannon, Archon x2  
  174  13:02  Archon, Pylon  
  174  13:11  Zealot x5  
  196  13:33  Zealot x5  
  194  13:48  Archon  
  171  13:49  Stalker x3  
  171  13:50  Stalker x3  
Tags
 
Add a new tag
Caveats
  • Supply blocks, unpowered buildings, or Contaminate may cause inaccurate times.
  • Supply counts are checked every 10 seconds.